 Dungeon Crawl Stone Soup version 0.22.1-1-ga44c0e56f4 (webtiles) character file.

8662 Morbidden the Cleaver (level 11, -13/56 HPs)
             Began as a Vine Stalker Fighter on Nov 7, 2018.
             Was an Elder of Okawaru.
             Killed from afar by a gargoyle (22 damage)
             ... with a stone arrow
             ... on level 10 of the Dungeon.
             The game lasted 00:19:05 (6720 turns).

Morbidden the Cleaver (Vine Stalker Fighter)        Turns: 6720, Time: 00:19:06

Health: -13/56     AC: -1    Str: 22    XL:     11   Next: 34%
Magic:  0/31       EV:  9    Int: 13    God:    Okawaru [****..]
Gold:   419        SH: 13    Dex: 14    Spells: 22/22 levels left

rFire    . . .     SeeInvis .   q - +2 war axe (elec)
rCold    + . .     Gourm    .   c - +1 shield
rNeg     . . .     Faith    .   t - +0 plate armour
rPois    +         Spirit   +   D - +3 hat of Pondering {ponderous, MR+ MP+10 Int+5}
rElec    .         Reflect  .   (no cloak)
rCorr    .         Harm     .   w - +0 pair of gloves
MR       ++...                  v - +2 pair of boots
Stlth    ..........             (no amulet)
HPRegen  0.58/turn              s - ring of poison resistance
MPRegen  0.22/turn              g - ring of protection from cold

@: heroism, corroded, slow
A: fangs 3, regeneration 1, magic shield, antimagic bite, no potion heal 3, rot
immunity
a: Heroism, Renounce Religion


You were on level 10 of the Dungeon.
You worshipped Okawaru.
Okawaru was greatly pleased with you.
You were very hungry.

You visited 2 branches of the dungeon, and saw 11 of its levels.
You also visited: Sewer.

You collected 419 gold pieces.

Inventory:

Hand Weapons
 q - a +2 war axe of electrocution (weapon)
Armour
 c - a +1 shield (worn)
 t - a +0 plate armour (worn)
 v - a +2 pair of boots (worn)
 w - a +0 pair of gloves (worn)
 D - the +3 hat of Pondering (worn) {ponderous, MR+ MP+10 Int+5}
   (You took it off Gastronok on level 8 of the Dungeon)

   It affects your intelligence (+5).
   It affects your resistance to hostile enchantments.
   It affects your magic capacity (+10).
Jewellery
 b - an uncursed ring of see invisible
 g - a ring of protection from cold (right hand)
 s - a ring of poison resistance (left hand)
 E - an uncursed ring of positive energy {unknown}
Wands
 A - a wand of flame (21)
Scrolls
 h - 7 scrolls of teleportation
 i - 4 scrolls of remove curse
 l - 3 scrolls of blinking
 m - 2 scrolls of immolation
 p - a scroll of magic mapping {unknown}
 r - 4 scrolls of fog
 y - 5 scrolls of identify
 B - a scroll of vulnerability {unknown}
 C - a scroll of enchant armour
Potions
 a - a potion of agility {unknown}
 d - a potion of resistance {unknown}
 e - 3 potions of curing {unknown}
 j - 2 potions of brilliance
 k - 7 potions of flight
 n - a potion of heal wounds {unknown}
 o - 2 potions of magic {unknown}
 u - 2 potions of lignification {unknown}
 x - 3 potions of haste {unknown}
 F - 2 potions of invisibility {unknown}
Miscellaneous
 z - a fan of gales
Comestibles
 f - 21 rations


   Skills:
 + Level 5.2(10.2) Fighting
 * Level 11.7(16.7) Axes
 + Level 5.2(10.2) Armour
 + Level 1.5(6.5) Dodging
 + Level 0.6(5.6) Stealth
 + Level 5.1(10.1) Shields
 * Level 6.2 Spellcasting
 - Level 3.0 Invocations
 + Level 1.0 Evocations


You had 22 spell levels left.
You didn't know any spells.
Your spell library contained the following spells:

 Spells                   Type           Power        Failure   Level  Hunger
 Animate Skeleton         Necr           N/A          99%         1    None
 Apportation              Tloc           #.....       99%         1    None
 Confusing Touch          Hex            #.....       99%         1    None
 Summon Small Mammal      Summ           #...         99%         1    None
 Poisonous Vapours        Pois/Air       #.....       99%         2    #......
 Conjure Flame            Conj/Fire      #.......     100%        3    ###....
 Mephitic Cloud           Conj/Pois/Air  #.......     100%        3    ###....
 Freezing Cloud           Conj/Ice/Air   #.........   100%        6    #######
 Ring of Flames           Chrm/Fire      #.........   100%        7    #######


Dungeon Overview and Level Annotations

Branches:
Dungeon (10/15)            Temple (1/1) D:5
   Lair: D:8-11         Orc: D:9-12

Altars:
Ashenzari
Cheibriados
Dithmenos
Elyvilon
Fedhas
Gozag
Hepliaklqana
Kikubaaqudgha
Makhleb
Nemelex Xobeh
Okawaru
Qazlal
Ru
Sif Muna
Trog
Uskayaw
Vehumet
Wu Jian
Xom
Yredelemnul
Zin
The Shining One

Annotations:
D:6 exclusion: 2 doors
D:9 3 runed doors, Ihlosi's ghost, novice OgGl


Innate Abilities, Weirdness & Mutations

You have razor-sharp teeth.
Your natural rate of healing is unusually fast.
When hurt, damage is shared between your health and your magic reserves.
Your bite disrupts and absorbs the magic of your enemies.
Potions cannot restore your health.
You are immune to rotting.


Message History

You block the vampire mosquito's attack.
The gargoyle hits you but does no damage.
The vampire mosquito barely misses you.
You barely miss the gargoyle.
The gargoyle is lightly damaged.
You hit the vampire mosquito but do no damage.
The vampire mosquito closely misses you.
The vampire mosquito bites you.
The vampire mosquito draws strength from your injuries!
The gargoyle hits you with a flail!
* * * LOW HITPOINT WARNING * * *
Okay, then.
You gain the combat prowess of a mighty hero.
The vampire mosquito bites you.
* * * LOW HITPOINT WARNING * * *
The vampire mosquito draws strength from your injuries!
You block the vampire mosquito's attack.
The gargoyle hurls a stone arrow at you.
The stone arrow hits you!
You die...

#. #....# #.
#<# #
#.##.##.#
#.......###
#..#)#......
#.......####
###.#......#
#.)......#.#
#[#@##...#.#
#.#9y.......
........####
...#####.#
#5.. .# #...
...) ##.


You could see a vampire mosquito and a gargoyle.

Vanquished Creatures
  Gastronok (D:8)
  A two-headed ogre (D:9)
  Pikel (D:7)
  A kobold demonologist (D:10)
  A hippogriff (D:8)
  5 yaks (D:5)
  4 hogs (D:8)
  A human (D:8)
  A hungry ghost (D:8)
  4 orc warriors
  2 slaves (D:7)
  3 phantoms
  2 ice beasts
  3 sky beasts
  A hornet zombie (D:5)
  An ogre (D:7)
  2 centaurs
  2 big kobolds
  4 bullfrogs
  A gnoll sergeant (D:7)
  4 scorpions
  8 killer bees
  3 howler monkeys
  4 crimson imps
  A quasit (D:7)
  A centaur zombie (D:7)
  2 hounds
  7 orc priests
  7 orc wizards
  3 bullfrog zombies
  2 jellies
  3 centaur skeletons
  2 iguanas
  A merfolk siren (Sewer)
  A merfolk avatar (Sewer)
  A hound zombie (D:7)
  Robin (D:2)
  3 gnolls (D:7)
  14 adders
  A howler monkey skeleton (D:4)
  3 river rats
  A shadow imp (D:5)
  An ooze (D:2)
  An adder skeleton (D:9)
  5 worms
  6 dart slugs
  3 leopard geckos
  34 orcs
  10 ball pythons
  5 giant cockroaches
  17 goblins
  14 hobgoblins
  8 jackals
  7 quokkas
  4 bats
  8 frilled lizards
  12 kobolds
  A quokka skeleton (D:6)
  29 rats
279 creatures vanquished.

Vanquished Creatures (others)
  A kobold (D:8)
  A plant (D:9)
2 creatures vanquished.

Grand Total: 281 creatures vanquished

Notes
Turn   | Place    | Note
-------+----------+-------------------------------------------
     0 | D:1      | Morbidden the Vine Stalker Fighter began the quest for the
                  | Orb.
     0 | D:1      | Reached XP level 1. HP: 11/11 MP: 2/2
    34 | D:1      | Reached skill level 2 in Axes
    34 | D:1      | Reached XP level 2. HP: 3/16 MP: 1/3
   550 | D:1      | Reached XP level 3. HP: 13/20 MP: 2/4
   834 | D:2      | Gained mutation: Your natural rate of healing is unusually
                  | fast. [Vine Stalker growth]
   834 | D:2      | Reached XP level 4. HP: 18/24 MP: 4/6
   860 | D:2      | Found a shattered altar of Ashenzari.
   864 | D:2      | Reached skill level 1 in Spellcasting
   886 | D:2      | Reached skill level 3 in Axes
   890 | D:2      | Noticed Robin
   905 | D:2      | Killed Robin
   994 | D:2      | Noticed a bullfrog
  1002 | D:2      | Killed a bullfrog
  1002 | D:2      | Reached XP level 5. HP: 22/28 MP: 6/8
  1311 | D:3      | Reached skill level 4 in Axes
  1431 | D:3      | Found a sparkling altar of Nemelex Xobeh.
  1494 | D:3      | Reached XP level 6. HP: 30/32 MP: 7/9
  1507 | D:3      | Found a blossoming altar of Fedhas.
  1892 | D:4      | Found a snail-covered altar of Cheibriados.
  2106 | D:4      | Reached skill level 5 in Axes
  2106 | D:4      | Reached XP level 7. HP: 36/36 MP: 11/11
  2338 | D:5      | Entered Level 5 of the Dungeon
  2375 | D:5      | Reached skill level 1 in Dodging
  2389 | D:5      | Noticed a yak
  2389 | D:5      | Noticed a yak
  2389 | D:5      | Noticed a yak
  2390 | D:5      | Noticed a yak
  2390 | D:5      | Noticed a yak
  2394 | D:5      | Killed a yak
  2394 | D:5      | Reached skill level 6 in Axes
  2405 | D:5      | Killed a yak
  2405 | D:5      | Gained mutation: You have razor-sharp teeth. [Vine Stalker
                  | growth]
  2405 | D:5      | Reached XP level 8. HP: 10/40 MP: 4/13
  2407 | D:5      | Killed a yak
  2414 | D:5      | HP: 2/40 [yak (3)]
  2415 | D:5      | Killed a yak
  2415 | D:5      | Reached skill level 7 in Axes
  2417 | D:5      | Killed a yak
  2750 | D:5      | Found a glowing drain.
  2807 | Sewer    | Entered a sewer
  2921 | Sewer    | Reached XP level 9. HP: 28/45 MP: 9/15
  3496 | D:5      | Reached skill level 8 in Axes
  3657 | D:5      | Found a staircase to the Ecumenical Temple.
  3707 | Temple   | Entered the Ecumenical Temple
  3716 | Temple   | Became a worshipper of Warmaster Okawaru
  4278 | D:6      | Reached * piety under Okawaru
  4314 | D:6      | Found a stormy altar of Qazlal.
  4692 | D:7      | Reached skill level 1 in Invocations
  4714 | D:7      | Reached skill level 9 in Axes
  4783 | D:7      | Noticed Pikel
  4792 | D:7      | Killed Pikel
  4792 | D:7      | Reached ** piety under Okawaru
  4792 | D:7      | Reached skill level 5 in Spellcasting
  4792 | D:7      | Reached XP level 10. HP: 51/51 MP: 18/18
  4926 | D:7      | Found a hide-covered altar of Uskayaw.
  5275 | D:8      | Reached skill level 10 in Axes
  5355 | D:8      | Reached *** piety under Okawaru
  5680 | D:8      | Found a hazy altar of Hepliaklqana.
  5711 | D:8      | Noticed Gastronok
  5759 | D:8      | Killed Gastronok
  5759 | D:8      | Reached **** piety under Okawaru
  5759 | D:8      | Reached skill level 5 in Fighting
  5759 | D:8      | Reached skill level 11 in Axes
  5759 | D:8      | Reached XP level 11. HP: 25/55 MP: 6/21
  6210 | D:9      | Reached skill level 5 in Armour
  6214 | D:9      | Reached skill level 5 in Shields
  6261 | D:9      | Noticed a two-headed ogre
  6270 | D:9      | Killed a two-headed ogre
  6270 | D:9      | Reached skill level 1 in Evocations
  6353 | D:9      | Found a sacrificial altar of Ru.
  6377 | D:9      | Found a runed gate.
  6379 | D:9      | Found a runed gate.
  6379 | D:9      | Found a runed gate.
  6380 | D:9      | Noticed Ihlosi's ghost (novice OgGl)
  6381 | D:9      | Noticed an 11-headed hydra
  6688 | D:10     | Entered Level 10 of the Dungeon
  6720 | D:10     | Killed from afar by a gargoyle

Skill      XL: |  1  2  3  4  5  6  7  8  9 10 11 |
---------------+----------------------------------+-----
Axes           | 2 3 4 5 6 7 9 11 | 11.7
Fighting       | 3 4 5 |  5.2
Spellcasting   | 1 2 3 5 6 |  6.2
Shields        | 3 4 5 |  5.1
Armour         | 3 4 5 |  5.2
Dodging        | 1 |  1.5
Invocations    | 2 3 |  3.0
Evocations     | 1 |  1.0
Stealth        | |  0.6

Action                   |  1- 3 |  4- 6 |  7- 9 | 10-12 || total
-------------------------+-------+-------+-------+-------++-------
Melee: War axe           |    92 |   159 |   325 |   193 ||   769
       Bite              |    19 |    38 |    89 |    55 ||   201
Invok: Heroism           |       |       |       |     1 ||     1
Evoke: Fan of gales      |       |       |     1 |       ||     1
       Wand              |       |       |       |     9 ||     9
  Use: Potion            |       |       |     1 |       ||     1
       Scroll            |       |       |    12 |       ||    12
  Eat: Chunk             |       |     4 |    10 |       ||    14
       Ration            |       |       |       |     2 ||     2
Armor: Scale mail        |    54 |    64 |    45 |       ||   163
       Chain mail        |       |       |   112 |       ||   112
       Plate armour      |       |       |     3 |   111 ||   114
Dodge: Dodged            |    41 |    47 |    93 |    34 ||   215
Block: Shield            |    61 |    92 |   182 |    92 ||   427
